 Dungeon Crawl Stone Soup version 0.29.1-13-g9f3cf754e1 (webtiles) character file.

Game seed: 9595700305797184008

524 cdecastro the Cleaver (level 7, -23/57 HPs)
             Began as a Hill Orc Fighter on Feb 5, 2023.
             Annihilated by an ogre
             ... wielding a +0 giant club
              (29 damage)
             ... on level 5 of the Dungeon on Feb 6, 2023.
             The game lasted 00:05:46 (3862 turns).

cdecastro the Cleaver (Hill Orc Fighter)            Turns: 3862, Time: 00:05:47

Health: -23/57     AC:  8    Str: 21    XL:     7   Next: 22%
Magic:  7/7        EV:  9    Int:  8    God:
Gold:   163        SH:  5    Dex: 10    Spells: 6/6 levels left

rFire   . . .      SeeInvis .   a - +0 war axe
rCold   . . .      Faith    .   (no shield)
rNeg    . . .      Spirit   .   b - +0 scale mail
rPois   .          Reflect  +   (no helmet)
rElec   .          Harm     .   (no cloak)
rCorr   .          Rampage  .   n - +0 pair of gloves
Will    .....                   (no boots)
Stlth   ..........              h - amulet of reflection
HPRegen 0.19/turn               (no ring)
MPRegen 0.10/turn               (no ring)

@: no status effects
A: no striking features
a: no special abilities


You were on level 5 of the Dungeon.
You visited 1 branch of the dungeon, and saw 5 of its levels.

You collected 163 gold pieces.

Inventory:

Hand Weapons
 a - a +0 war axe (weapon)
 i - a +0 battleaxe
 p - a +1 whip of freezing
 x - a +3 mace
Armour
 b - a +0 scale mail (worn)
 c - a +0 buckler
 n - a +0 pair of gloves (worn)
Jewellery
 h - an amulet of reflection (around neck)
 o - a ring of fire
Scrolls
 e - 3 scrolls of teleportation {unknown}
 j - a scroll of enchant weapon {unknown}
 k - 2 scrolls of noise {unknown}
 l - a scroll of enchant armour {unknown}
 q - a scroll of fog {unknown}
 r - a scroll of silence {unknown}
 s - a scroll of amnesia {unknown}
 t - a scroll of magic mapping {unknown}
 v - a scroll of poison {unknown}
 w - a scroll of blinking
Potions
 d - a potion of might
 f - 3 potions of mutation {unknown}
 g - 2 potions of curing {unknown}
 m - a potion of brilliance {unknown}
 u - a potion of lignification {unknown}
 z - a potion of flight {unknown}


   Skills:
 - Level 3.6 Fighting
 + Level 10.1 Axes
 - Level 3.2 Armour
 - Level 3.2 Shields


You had 6 spell levels left.
You didn't know any spells.
Your spell library contained the following spells:

 Spells                   Type           Power      Damage    Failure   Level
 Sandblast                Erth           0%         2d4       75%         1
 Passwall                 Tmut/Erth      0%         N/A       87%         2
 Stone Arrow              Conj/Erth      0%         3d7       98%         3


Dungeon Overview and Level Annotations

Branches:
Dungeon (5/15)
 Temple: D:4-7

Altars:
Xom

Portals:
Abyss: D:5

Annotations:
D:3 Pargi
D:4 3 runed translucent doors, vault need fly, Valagong's ghost, amateur MiFi
D:5 1 transporter, Erasure's ghost, amateur TeCj


Message History

You are poisoned.
The adder poisons you!
You hit the adder.
The adder is almost dead.
You feel sick. The adder bites you but does no damage.
You hit the adder.
You kill the adder!
You feel sick.
You feel sick.
You see here an adder corpse.
You feel sick.
You are no longer poisoned.
Found a stone staircase leading down.
There is a stone staircase leading down here.
f - 3 fizzy purple potions (gained 1)
Found a stone staircase leading up.
There is a stone staircase leading up here.
Erasure's ghost turns its malevolent gaze towards you.
An ogre is nearby!
An ogre is nearby!
An ogre is nearby!
The ogre shouts!
You hit the ogre.
The ogre is lightly wounded.
The ogre hits you with a +0 giant club!!
You hit the ogre.
The ogre is lightly wounded.
The ogre hits you with a +0 giant club!
* * * LOW HITPOINT WARNING * * *
You completely miss the ogre.
The ogre is lightly wounded.
You barely miss the ogre.
The ogre is lightly wounded.
The ogre hits you with a +0 giant club!
* * * LOW HITPOINT WARNING * * *
You slash the ogre!
The ogre is severely wounded.
The ogre hits you with a +0 giant club!!
Ouch! That really hurt!
You die...

#.#.#.#.#.#.#.#.#.#.###
.#.#.#.#.#.#.#.#)#.#..
#.#.#.#.#.#.#.#.#.#.##
.#.#.#.#.#.#.#.#.#.#.###.
#.#.#.#.#.#.#............
.#.#.#.#.#.#.............
#.#.#.#.#.#.#.......####
####.####.......O####..# #.#
##......@#©...# © ####.#
#.......##.##.. .# .....#
#........##### x.
##########............## .#
#...................# ..#..
#........##....###..##..!#..
#........##...##.##..#...#
##
########.##÷)##^.∩#.##....#
.# #...).##..?### .#..#


You could see an ogre.

Vanquished Creatures
  A phantom (D:4)
  A scorpion (D:5)
  A hound (D:4)
  3 orc priests (D:5)
  3 orc wizards
  4 gnolls (D:4)
  8 adders
  2 worms
  3 dart slugs
  12 orcs
  4 ball pythons
  6 endoplasms
  2 giant cockroaches
  6 goblins
  9 hobgoblins
  2 jackals (D:1)
  A bat (D:2)
  A frilled lizard (D:2)
  5 kobolds
  3 rats
77 creatures vanquished.

Notes
Turn   | Place    | Note
-------+----------+-------------------------------------------
     0 | D:1      | cdecastro the Hill Orc Fighter began the quest for the Orb.
     0 | D:1      | Reached XP level 1. HP: 19/19 MP: 1/1
    40 | D:1      | Reached skill level 3 in Axes
   434 | D:1      | Reached XP level 2. HP: 26/26 MP: 2/2
   455 | D:1      | Found a faded altar of an unknown god.
   601 | D:1      | Reached skill level 4 in Axes
  1262 | D:2      | Reached XP level 3. HP: 29/31 MP: 3/3
  1312 | D:2      | Reached skill level 5 in Axes
  2054 | D:3      | Reached XP level 4. HP: 39/39 MP: 4/4
  2116 | D:3      | Noticed Pargi
  2153 | D:4      | Reached skill level 6 in Axes
  2181 | D:4      | Noticed an ogre
  2375 | D:4      | Reached XP level 5. HP: 37/45 MP: 5/5
  2472 | D:4      | Reached skill level 7 in Axes
  2551 | D:4      | Found a shimmering altar of Xom.
  2612 | D:4      | Noticed a phantom
  2629 | D:4      | Killed a phantom
  2630 | D:4      | Reached skill level 8 in Axes
  2630 | D:4      | Reached XP level 6. HP: 48/51 MP: 6/6
  2650 | D:4      | Noticed Valagong's ghost (amateur MiFi)
  2652 | D:4      | Noticed a sky beast
  2822 | D:4      | Found a runed translucent gate.
  2822 | D:4      | Found a runed translucent gate.
  2830 | D:4      | Found a runed translucent gate.
  3333 | D:5      | Entered Level 5 of the Dungeon
  3395 | D:5      | Reached skill level 9 in Axes
  3422 | D:5      | Found a one-way gate to the infinite horrors of the Abyss.
  3422 | D:5      | Noticed Erasure's ghost (amateur TeCj)
  3424 | D:5      | Noticed an ancient zyme
  3631 | D:5      | Noticed a small abomination
  3643 | D:5      | Found a transporter.
  3659 | D:5      | Reached XP level 7. HP: 56/57 MP: 7/7
  3677 | D:5      | Reached skill level 10 in Axes
  3862 | D:5      | Annihilated by an ogre

Illustrated notes

Levels and vault maps discovered:
D:1:      mrwooster_arrival_statue_2, layout_loops_corners,
          chequers_ecumenical_altar_island, grunt_decor_clamped
D:2:      cheibrodos_helix_gallery, layout_loops_ring, serial_bayou_ford_a
D:3:      layout_basic, minmay_surrounded, uniq_robin, uniq_grinder, uniq_pargi
D:4:      layout_basic, mainiacjoe_overflow_catwalk, gammafunk_ghost_split,
          minmay_goblin_outpost
D:5:      layout_basic, gammafunk_ghost_abyssal_escape, dk_vineyard_1

Skill      XL: |  1  2  3  4  5  6  7 |
---------------+----------------------+-----
Axes           | 3 4 5 6 8 9 10 | 10.1
Fighting       | |  3.6
Armour         | |  3.2
Shields        | |  3.2

Action                   |  1- 3 |  4- 6 |  7- 9 || total
-------------------------+-------+-------+-------++-------
Melee: War axe           |    70 |   138 |    23 ||   231
       Punch             |       |     1 |       ||     1
Armor: Scale mail        |    32 |    45 |    11 ||    88
Dodge: Dodged            |    24 |    39 |     6 ||    69
Block: Other             |    13 |    27 |     5 ||    45
       Reflection        |       |     2 |       ||     2
